 Dungeon Crawl Stone Soup version 0.29-a0-775-g4d7333d4e2 (webtiles) character file.

Game seed: 6144134151489088113

105729 Zonian the Covert (level 16, -3/85 (87) HPs)
             Began as a Vine Stalker Enchanter on July 1, 2022.
             Was a High Priest of Ashenzari.
             Slain by a wolf spider (4 damage)
             ... on level 1 of the Spider Nest.
             The game lasted 02:32:13 (34316 turns).

Zonian the Covert (Vine Stalker Enchanter)         Turns: 34316, Time: 02:32:13

HP:   -3/85 (87)    AC: 14    Str: 12    XL:     16   Next: 42%
MP:   0/43          EV: 14    Int: 15    God:    Ashenzari [*****.]
Gold: 1665          SH:  6    Dex: 22    Spells: 5/42 levels left

rFire   . . .      SeeInvis +   s - +9 dagger (venom)
rCold   . . .      Faith    .   I - +0 buckler "Tethered Serendipity" {Evo, Range} (curse)
rNeg    . . .      Spirit   +   j - +3 troll leather armour
rPois   .          Reflect  .   u - +1 helmet "Ruined With Me" {Melee, Self} (curse)
rElec   .          Harm     .   M - +0 cloak of Supernal Understanding {rCorr, Melee, Evo} (curse)
rCorr   +          Rampage  .   O - +1 pair of gloves of the Chained Negation {Melee, Bglg} (curse)
Will    ++...      Clarity  +   v - +1 pair of boots of Ashenzari's Prison {Comp, Melee} (curse)
Stlth   ++++++....              R - amulet of the Chained Sun {Regen+, Bglg, Comp} (curse)
HPRegen 2.64/turn               f - ring "Chained With Me" {Wiz, Melee, Bglg} (curse)
MPRegen 0.28/turn               n - ring "Soothsayer of Ashenzari" {MP+9, Bglg, Elem} (curse)

@: slowed, lightly drained, invisible, very slow
A: fangs 3, regeneration 1, magic shield, antimagic bite, no potion heal 2
a: Renounce Religion, Curse Item, Shatter the Chains


You were on level 1 of the Spider Nest.
You worshipped Ashenzari.
Ashenzari was extremely pleased with you.
You visited 5 branches of the dungeon, and saw 25 of its levels.
You also visited: Bailey.

You collected 2487 gold pieces.
You spent 822 gold pieces at shops.

Inventory:

Hand Weapons
 c - a +0 dagger of electrocution
 d - a +1 dagger of freezing
 g - a +2 dagger of flaming
 m - a +1 short sword of speed
 s - a +9 dagger of venom (weapon)
 w - a +1 dagger of pain
 D - a +0 sling
 G - a +3 vampiric rapier
Missiles
 r - 45 poisoned darts (quivered)
 Q - 17 javelins
Armour
 b - a +1 robe
 j - a +3 troll leather armour (worn)
 o - a +0 pair of gloves
 u - the cursed +1 helmet "Ruined With Me" (worn) {Melee, Self}
   (You found it on level 3 of the Dungeon)

   It has a curse which improves the following skills: Melee Combat: Short
   Blades, Long Blades, Axes, Maces & Flails, Polearms, Staves and Unarmed
   Combat.
   Introspection: Fighting and Spellcasting.
 v - the cursed +1 pair of boots of Ashenzari's Prison (worn) {Comp, Melee}
   (You found it on level 4 of the Dungeon)

   It has a curse which improves the following skills: Companions: Summonings
   and Necromancy.
   Melee Combat: Short Blades, Long Blades, Axes, Maces & Flails, Polearms,
   Staves and Unarmed Combat.
 I - the cursed +0 buckler "Tethered Serendipity" (worn) {Evo, Range}
   (You found it on level 8 of the Dungeon)

   It has a curse which improves the following skills: Evocations: Evocations.
   Ranged Combat: Ranged Weapons and Throwing.
 M - the cursed +0 cloak of Supernal Understanding (worn) {rCorr, Melee, Evo}
   (You found it in a bailey)

   It has a curse which improves the following skills: Melee Combat: Short
   Blades, Long Blades, Axes, Maces & Flails, Polearms, Staves and Unarmed
   Combat.
   Evocations: Evocations.
 O - the cursed +1 pair of gloves of the Chained Negation (worn) {Melee, Bglg}
   (You found it on level 14 of the Dungeon)

   It has a curse which improves the following skills: Melee Combat: Short
   Blades, Long Blades, Axes, Maces & Flails, Polearms, Staves and Unarmed
   Combat.
   Beguiling: Conjurations, Hexes and Translocations.
Jewellery
 f - the cursed ring "Chained With Me" (left hand) {Wiz, Melee, Bglg}
   (You found it on level 1 of the Dungeon)

   [ring of wizardry]

   It improves your spell success rate.
   It has a curse which improves the following skills: Melee Combat: Short
   Blades, Long Blades, Axes, Maces & Flails, Polearms, Staves and Unarmed
   Combat.
   Beguiling: Conjurations, Hexes and Translocations.
 k - a ring of positive energy
 n - the cursed ring "Soothsayer of Ashenzari" (right hand) {MP+9, Bglg, Elem}
   (You found it on level 4 of the Dungeon)

   [ring of magical power]

   MP:        It affects your magic capacity (+9).
   It has a curse which improves the following skills: Beguiling: Conjurations,
   Hexes and Translocations.
   Elements:  Fire Magic, Ice Magic, Air Magic and Earth Magic.
 p - a ring of flight
 q - a ring of wizardry
 L - a ring of poison resistance
 R - the cursed amulet of the Chained Sun (around neck) {Regen+, Bglg, Comp}
   (You found it on level 2 of the Lair of Beasts)

   [amulet of regeneration]

   Regen:     It increases your rate of health regeneration.
   It has a curse which improves the following skills: Beguiling: Conjurations,
   Hexes and Translocations.
   Companions: Summonings and Necromancy.
 T - an amulet of magic regeneration
 V - a ring of protection from fire
Wands
 y - a wand of flame (35)
 z - a wand of paralysis (10)
 B - a wand of light (12)
 F - a wand of polymorph (6)
 N - a wand of iceblast (5)
 U - a wand of mindburst (38)
Scrolls
 C - a scroll of fog
 J - 3 scrolls of magic mapping
 S - 3 scrolls of teleportation
 W - 4 scrolls of poison
Potions
 a - a potion of resistance
 h - 10 potions of curing
 l - 2 potions of brilliance
 x - 5 potions of might
 A - 4 potions of cancellation
 K - 3 potions of flight
 P - 2 potions of invisibility
 X - 5 potions of ambrosia
 Y - a potion of berserk rage
 Z - 2 potions of haste


   Skills:
 + Level 8.7(11.1) Fighting
 - Level 6.3(12.4) Short Blades
 - Level 5.1 Dodging
 + Level 14.8 Stealth
 - Level 4.0 Shields
 + Level 11.4(13.7) Spellcasting
 + Level 10.8(16.2) Conjurations
 + Level 11.6(17.0) Hexes
 + Level 6.3(9.7) Necromancy
 - Level 3.0 Transmutations
 - Level 7.1(9.4) Ice Magic
 + Level 8.4(10.8) Air Magic
 - Level 4.0 Poison Magic
 - Level 2.6(5.3) Evocations


You had 5 spell levels left.
You knew the following spells:

 Your Spells              Type           Power      Damage    Failure   Level
a - Ensorcelled Hibernat  Hex/Ice        100%       N/A       1%          2
b - Confusing Touch       Hex            57%        N/A       1%          3
c - Dazzling Flash        Conj/Hex       100%       N/A       1%          3
d - Tukima's Dance        Hex            57%        N/A       1%          3
e - Lightning Bolt        Conj/Air       25%        1d41      1%          5
f - Magic Dart            Conj           100%       1d8       0%          1
g - Mephitic Cloud        Conj/Pois/Air  41%        N/A       1%          3
h - Static Discharge      Conj/Air       50%        3-10/arc  1%          2
i - Airstrike             Air            21%        0-7+      1%          4
j - Anguish               Hex/Necr       25%        N/A       1%          4
k - Dispel Undead         Necr           39%        3d16      1%          4
l - Vampiric Draining     Necr           39%        2d8       1%          3

Your spell library contained the following spells:

 Spells                   Type           Power      Damage    Failure   Level
 Beastly Appendage        Tmut           38%        N/A       1%          1
 Freeze                   Ice            100%       1d11      1%          1
 Necrotize                Necr           100%       1d9       1%          1
 Poisonous Vapours        Pois/Air       64%        N/A       1%          2
 Wereblood                Tmut           19%        N/A       1%          2
 Corpse Rot               Necr/Pois/Air  34%        N/A       1%          4
 Sticky Flame             Conj/Fire      35%        2d5       1%          4
 Silence                  Hex/Air        25%        N/A       1%          5
 Agony                    Necr           39%        N/A       2%          5
 Spider Form              Tmut/Pois      20%        N/A       3%          3
 Ignite Poison            Fire/Tmut/Pois 17%        N/A       4%          3
 Summon Lightning Spire   Summ/Air       27%        N/A       4%          4
 Fireball                 Conj/Fire      17%        3d9       4%          5
 Call Imp                 Summ           11%        N/A       6%          2
 Summon Ice Beast         Ice/Summ       25%        N/A       6%          4
 Passage of Golubria      Tloc           12%        N/A       30%         4
 Animate Armour           Summ/Erth      22%        N/A       34%         4
 Manifold Assault         Tloc           12%        N/A       61%         5
 Starburst                Conj/Fire      17%        6d6       22%         6
 Ignition                 Fire           5%         3d4       100%        8
 Chain Lightning          Conj/Air       25%        3d33      100%        9


Dungeon Overview and Level Annotations

Branches:
Dungeon (15/15)            Temple (1/1) D:4            Lair (6/6) D:10
  Swamp (0/4) Lair:2       Spider (1/4) Lair:4        Slime (0/5) Lair:5
    Orc (2/2) D:9             Elf (0/3) Orc:2        Vaults (0/5) D:13
 Depths (0/4) D:15         Bailey (visited)

Altars:
Ashenzari
Cheibriados
Dithmenos
Elyvilon
Fedhas
Gozag
Hepliaklqana
Kikubaaqudgha
Makhleb
Nemelex Xobeh
Okawaru
Qazlal
Ru
Sif Muna
Trog
Uskayaw
Vehumet
Wu Jian
Xom
Yredelemnul
Zin
The Shining One
Beogh

Shops:
Orc:1 *   Orc:2 [![(

Annotations:
Lair:2 1 runed translucent door, Qyfeak's ghost, journeyman DjVM
Spider:1 Agnes


Innate Abilities, Weirdness & Mutations

You have razor-sharp teeth.
Your natural rate of healing is unusually fast.
When hurt, damage is shared between your health and your magic reserves.
Your bite disrupts and absorbs the magic of your enemies.
Potions cannot restore your health.


Message History

Aiming: Bolt of Light
Press: ? - help, Shift-Dir - straight line, f/p - Agnes
Aim: Agnes, wielding a +2 vampiric lajatang and wearing a +0 robe (lightly wounded, 42% to hit)
Okay, then.
Casting: Tukima's Dance (safe; 1% risk of failure)
Confirm with . or Enter, or press ? or * to list all spells.
Aiming: Vampiric Draining (safe; 1% risk of failure)
Press: ? - help, Shift-Dir - straight line, f/p - Agnes
Aim: Agnes, wielding a +2 vampiric lajatang and wearing a +0 robe (lightly wounded)
You draw life force from Agnes.
You feel life coursing into your body.
You feel sick. The wolf spider closely misses you.
The wolf spider barely misses you. Agnes barely misses you.
Agnes hits you but does no damage. You block the wolf spider's attack.
The wolf spider misses you. The wolf spider closely misses you.
The wolf spider bites you!
* * * LOW HITPOINT WARNING * * *
You are lethally poisoned!
The wolf spider poisons you!
Your system rejects the healing.
You feel better.
The orb spider seems less confused.
Agnes hits you with a +2 vampiric lajatang!!
* * * LOW HITPOINT WARNING * * *
The wolf spider misses you. The wolf spider closely misses you.
You block Agnes's attack. The wolf spider barely misses you. x2
You block the wolf spider's attack. The wolf spider barely misses you.
Agnes hits you with a +2 vampiric lajatang.
* * * LOW HITPOINT WARNING * * *
Agnes draws strength from your wounds! The wolf spider completely misses you.
The wolf spider bites you.
* * * LOW HITPOINT WARNING * * *
Magic courses through your body.
The wolf spider is no longer blind.
Agnes hits you with a +2 vampiric lajatang!!
* * * LOW HITPOINT WARNING * * *
The wolf spider hits you!
* * * LOW HITPOINT WARNING * * *
The wolf spider bites you but does no damage.
Agnes closely misses you. You block the wolf spider's attack.
The wolf spider bites you but does no damage.
The culicivora misses you. The wolf spider hits you!
You die...

, ,* * * .####.#, * , ,
*** *######### ** ,
##.#..#. * ##...#.# ## *,
#....#.##.## *,,,
###...#....## >
###.........#
###.ss..#s..## * ,
####@iB..w...#### . ,
#####s........#.#..,,
#######............ ,
###............... , **
##................, * ###
###................ , , *
##.######..#............ ,
,*
##...#####.###...........,
,, *
#.....###..##............
,


You could see Agnes, a torpor snail (wandering, unable to see you), 2 wolf
spiders, an orb spider (wandering, unable to see you), a culicivora (unable to
see you) and a pharaoh ant (unable to see you).

Vanquished Creatures
  Rupert (D:14)
  Jorgrun (Spider:1)
  Frances (D:13)
  An orc warlord (Orc:2)
  Snorg (D:12)
  An ettin (D:15)
  Fannar (Lair:3)
  3 vault guards (D:13)
  4 hydras
  4 boulder beetles
  11 centaur warriors
  5 two-headed ogres
  4 tengu warriors
  10 death yaks
  Urug (D:10)
  A skeletal warrior (D:13)
  A deep troll (D:15)
  A steelbarb worm (Lair:4)
  A glowing orange brain (D:14)
  3 wizards
  2 orc knights
  Pikel (D:5)
  2 necromancers (D:13)
  2 deep elf pyromancers
  2 orc sorcerers
  4 ugly things
  2 wolf spiders (Lair:6)
  6 manticores
  10 cyclopes
  Joseph (D:7)
  9 elephants
  10 black mambas
  12 cane toads
  A gargoyle (D:11)
  A guardian serpent (Lair:6)
  9 komodo dragons
  5 demonic crawlers
  2 rime drakes
  An unseen horror (D:11)
  2 efreet
  2 tengu conjurers (D:14)
  3 meliai (D:15)
  5 polar bears
  A wolf spider simulacrum (D:15)
  A queen bee (D:15)
  8 trolls
  2 hornets (Lair:6)
  Prince Ribbit (D:7)
  8 slime creatures
  18 blink frogs
  Grinder (D:5)
  A shadow (D:9)
  A culicivora (Spider:1)
  11 wyverns
  Eustachio (D:5)
  61 yaks
  17 humans (D:13)
  8 basilisks
  A dancing weapon (D:10)
  7 redbacks
  8 vampire mosquitoes
  3 wargs (Orc:2)
  A swamp worm (Lair:2)
  2 acid dragons
  19 water moccasins
  A floating eye (D:14)
  Duvessa (D:7)
  42 orc warriors
  A black bear (D:6)
  An ice beast (D:5)
  6 ogres
  10 boggarts
  18 wolves
  10 centaurs
  3 lemures (D:5)
  2 phantoms
  20 bullfrogs
  4 gnoll sergeants
  8 scorpions
  3 wights (D:7)
  Dowan (D:7)
  31 killer bees
  5 electric eels
  8 howler monkeys
  2 hounds
  2 jellies (D:7)
  A bouda (D:5)
  20 orc priests
  3 iguanas
  24 orc wizards
  3 small abominations (D:14)
  21 gnolls
  4 adders
  3 shadow imps
  2 white imps (D:6)
  9 worms
  2 dart slugs (D:1)
  101 orcs
  7 ball pythons
  8 endoplasms
  7 giant cockroaches
  5 goblins
  9 hobgoblins
  15 jackals
  2 quokkas
  6 bats
  4 frilled lizards
  9 kobolds
  4 rats
779 creatures vanquished.

Vanquished Creatures (collateral kills)
  A two-headed ogre (D:9)
  An orc warrior (Bailey)
2 creatures vanquished.

Vanquished Creatures (others)
  Nikola (Spider:1)
  An ugly thing (D:15)
  A black mamba (shapeshifter) (D:14)
  A tengu conjurer (D:15)
  3 dancing weapons
  28 fungi
  35 plants
70 creatures vanquished.

Grand Total: 851 creatures vanquished

Notes
Turn   | Place    | Note
-------+----------+-------------------------------------------
     0 | D:1      | Zonian the Vine Stalker Enchanter began the quest for the
                  | Orb.
     0 | D:1      | Reached XP level 1. HP: 9/9 MP: 4/4
    58 | D:1      | Reached skill level 1 in Short Blades
   557 | D:1      | Reached XP level 2. HP: 12/13 MP: 4/6
  1225 | D:1      | Reached skill level 4 in Stealth
  1236 | D:1      | Reached XP level 3. HP: 16/16 MP: 7/7
  1243 | D:1      | Learned a level 2 spell: Ensorcelled Hibernation
  2303 | D:2      | Gained mutation: Your natural rate of healing is unusually
                  | fast. [Vine Stalker growth]
  2303 | D:2      | Reached XP level 4. HP: 21/21 MP: 8/8
  2987 | D:3      | Reached skill level 1 in Ice Magic
  3536 | D:3      | Found a stormy altar of Qazlal.
  3866 | D:3      | Reached XP level 5. HP: 20/24 MP: 8/10
  3951 | D:3      | Learned a level 3 spell: Confusing Touch
  4155 | D:4      | Reached XP level 6. HP: 16/28 MP: 6/11
  4825 | D:4      | Reached skill level 5 in Stealth
  4829 | D:4      | Found a staircase to the Ecumenical Temple.
  4842 | Temple   | Entered the Ecumenical Temple
  4897 | Temple   | Became a worshipper of Ashenzari the Shackled
  5786 | D:4      | You are sucked into a shaft and drop 3 floors!
  6010 | D:7      | Reached XP level 7. HP: 31/32 MP: 13/13
  6014 | D:7      | Learned a level 3 spell: Dazzling Flash
  6213 | D:7      | Noticed Joseph
  6236 | D:7      | Killed Joseph
  6237 | D:7      | Reached skill level 1 in Conjurations
  6303 | D:7      | Gained mutation: You have razor-sharp teeth. [Vine Stalker
                  | growth]
  6303 | D:7      | Reached XP level 8. HP: 36/36 MP: 15/15
  6588 | D:6      | Reached skill level 6 in Stealth
  6900 | D:6      | Reached skill level 5 in Hexes
  7027 | D:6      | Found an iron altar of Okawaru.
  7362 | D:6      | Learned a level 3 spell: Tukima's Dance
  7583 | D:5      | Entered Level 5 of the Dungeon
  7586 | D:5      | Noticed Eustachio
  7615 | D:5      | Killed Eustachio
  7616 | D:5      | Reached XP level 9. HP: 14/39 MP: 16/17
  7771 | D:5      | Learned a level 1 spell: Beastly Appendage
  7927 | D:5      | Noticed Grinder
  8164 | D:5      | Reached * piety under Ashenzari
  8211 | D:5      | Paralysed by Grinder for 5 turns
  8211 | D:5      | Noticed Pikel
  8571 | D:5      | Reached skill level 7 in Stealth
  8696 | D:5      | Reached skill level 5 in Spellcasting
  8991 | D:5      | Killed Grinder
  9085 | D:5      | Killed Pikel
  9086 | D:5      | Reached skill level 1 in Transmutations
  9768 | D:6      | Reached ** piety under Ashenzari
 10489 | D:7      | Reached XP level 10. HP: 44/44 MP: 19/19
 10524 | D:7      | Noticed Dowan
 10525 | D:7      | Noticed Duvessa
 10529 | D:7      | Killed Dowan
 10539 | D:7      | Killed Duvessa
 10550 | D:7      | Learned a level 1 spell: Magic Dart
 10554 | D:7      | Learned a level 3 spell: Mephitic Cloud
 10627 | D:7      | Reached skill level 8 in Stealth
 10627 | D:7      | Reached skill level 5 in Ice Magic
 10719 | D:7      | Noticed Prince Ribbit
 10729 | D:7      | Killed Prince Ribbit
 10741 | D:7      | Reached skill level 1 in Poison Magic
 10752 | D:7      | Identified the cursed +1 helmet "Ruined With Me" {Melee,
                  | Self} (You found it on level 3 of the Dungeon)
 10752 | D:7      | Identified the cursed +1 pair of boots of Ashenzari's
                  | Prison {Comp, Melee} (You found it on level 4 of the
                  | Dungeon)
 11279 | D:8      | HP: 1/44 [gnoll sergeant/+0 trident (7)]
 11579 | D:8      | Found a flagged portal.
 11588 | Bailey   | Entered a bailey
 11693 | Bailey   | Noticed an orc knight
 11706 | Bailey   | Reached skill level 5 in Short Blades
 11847 | Bailey   | Reached skill level 5 in Dodging
 11857 | Bailey   | Killed an orc knight
 11997 | D:8      | Noticed a two-headed ogre
 12270 | D:8      | Learned a level 2 spell: Static Discharge
 12446 | D:8      | Killed a two-headed ogre
 12447 | D:8      | Reached skill level 1 in Fighting
 12447 | D:8      | Reached skill level 5 in Conjurations
 12447 | D:8      | Reached skill level 1 in Air Magic
 12447 | D:8      | Reached XP level 11. HP: 34/50 MP: 23/23
 12712 | D:8      | Found a glowing golden altar of the Shining One.
 12858 | D:9      | Reached *** piety under Ashenzari
 13002 | D:9      | Reached **** piety under Ashenzari
 13133 | D:9      | Reached skill level 9 in Stealth
 13273 | D:9      | Found a staircase to the Orcish Mines.
 13301 | D:9      | Reached skill level 1 in Shields
 13479 | D:10     | Entered Level 10 of the Dungeon
 13479 | D:10     | Noticed a death yak
 13479 | D:10     | Noticed a two-headed ogre
 13503 | D:10     | Noticed a two-headed ogre
 13521 | D:10     | Noticed a two-headed ogre
 13522 | D:10     | Killed a two-headed ogre
 14285 | D:10     | Noticed a death yak
 14285 | D:10     | Noticed a death yak
 14405 | D:9      | Killed a two-headed ogre
 14531 | D:10     | Found a staircase to the Lair.
 14800 | D:9      | Killed a two-headed ogre
 15680 | Lair:1   | Entered Level 1 of the Lair of Beasts
 15826 | Lair:1   | Noticed a four-headed hydra
 15837 | Lair:1   | Killed a four-headed hydra
 16312 | Lair:1   | Identified a scroll of acquirement
 16320 | Lair:1   | Reached XP level 12. HP: 47/58 MP: 20/26
 16356 | Lair:1   | Acquired the Compendium of Creation and Displacement
 16799 | Lair:2   | Reached skill level 10 in Stealth
 16947 | Lair:2   | Found a runed translucent door.
 16949 | Lair:2   | Noticed Qyfeak's ghost (journeyman DjVM)
 17424 | Lair:2   | Noticed a six-headed hydra
 17555 | Lair:2   | Killed a six-headed hydra
 17671 | Lair:2   | Noticed a four-headed hydra
 17885 | Lair:2   | Found a staircase to the Swamp.
 18355 | Lair:3   | Noticed Fannar
 18435 | Lair:3   | Killed Fannar
 18436 | Lair:3   | Reached skill level 1 in Evocations
 19324 | Lair:4   | Reached XP level 13. HP: 62/65 MP: 28/28
 19608 | Lair:4   | Found a hole to the Spider Nest.
 19632 | Lair:4   | Reached skill level 11 in Stealth
 20200 | Lair:5   | Reached skill level 5 in Fighting
 20370 | Lair:5   | Identified Irij's Tome of Feathers and the Frostbite
 20514 | Lair:5   | Found a staircase to the Slime Pits.
 20539 | Lair:5   | Learned a level 4 spell: Airstrike
 21103 | Lair:6   | Entered Level 6 of the Lair of Beasts
 21184 | Lair:6   | Learned a level 5 spell: Lightning Bolt
 21264 | Lair:6   | Paralysed by a hornet for 1 turns
 21397 | Lair:6   | Reached skill level 12 in Stealth
 22136 | Lair:6   | Reached skill level 5 in Air Magic
 22240 | Lair:6   | Reached XP level 14. HP: 73/73 MP: 30/30
 22557 | Lair:6   | Learned a level 4 spell: Anguish
 22724 | Lair:6   | Reached skill level 1 in Necromancy
 23667 | Lair:1   | Reached skill level 10 in Hexes
 24225 | D:10     | Noticed Urug
 24265 | D:10     | Killed Urug
 24675 | D:11     | Reached skill level 13 in Stealth
 24675 | D:11     | Reached skill level 10 in Spellcasting
 26006 | D:12     | Noticed Snorg
 26026 | D:12     | Killed Snorg
 26932 | D:13     | Reached XP level 15. HP: 74/79 MP: 32/32
 27248 | D:13     | Found a gate to the Vaults.
 27612 | D:13     | Learned a level 4 spell: Dispel Undead
 28113 | D:13     | Noticed Frances
 28161 | D:13     | Killed Frances
 28536 | D:13     | Reached skill level 10 in Conjurations
 28838 | D:14     | Learned a level 3 spell: Vampiric Draining
 28885 | D:14     | Reached skill level 14 in Stealth
 29072 | D:14     | Noticed Rupert
 29119 | D:14     | Reached ***** piety under Ashenzari
 29143 | D:14     | Killed Rupert
 29144 | D:14     | Reached skill level 5 in Necromancy
 29476 | D:14     | Identified the Handbook of Noxious Snow
 29648 | D:15     | Entered Level 15 of the Dungeon
 29916 | D:15     | Found a staircase to the Depths.
 30049 | D:15     | Reached XP level 16. HP: 60/86 MP: 34/34
 31050 | Orc:1    | Entered Level 1 of the Orcish Mines
 31344 | Orc:2    | Entered Level 2 of the Orcish Mines
 31452 | Orc:2    | Found a staircase to the Elven Halls.
 31532 | Orc:2    | Found Ipyowo's Armour Shop.
 31665 | Orc:2    | Found Peab's Distillery.
 32029 | Orc:2    | Bought a potion of curing for 39 gold pieces
 32029 | Orc:2    | Bought a potion of curing for 39 gold pieces
 32029 | Orc:2    | Bought a potion of resistance for 130 gold pieces
 32029 | Orc:2    | Bought a potion of invisibility for 104 gold pieces
 32472 | Orc:2    | Found Tacuhusy's Antique Weapon Boutique.
 32511 | Orc:2    | Found Xudamac's Antique Armour Shop.
 32897 | Orc:1    | Found Seprudd's Overcharged Wands.
 33195 | Orc:1    | Bought a wand of mindburst (30) for 510 gold pieces
 33382 | Spider:1 | Entered Level 1 of the Spider Nest
 33415 | Spider:1 | Noticed Nikola
 33416 | Spider:1 | Noticed Jorgrun
 33435 | Spider:1 | Killed Jorgrun
 33927 | Spider:1 | Killed Nikola
 34258 | Spider:1 | Noticed Agnes
 34311 | Spider:1 | HP: 3/85 [Agnes/+2 vampiric lajatang (6)]
 34316 | Spider:1 | HP: 4/85 [Agnes/+2 vampiric lajatang (4)]
 34316 | Spider:1 | HP: 1/85 [wolf spider (3)]
 34316 | Spider:1 | Slain by a wolf spider

Illustrated notes

Levels and vault maps discovered:
D:1:      spicycebolla_arrival_ecumenical, layout_loops_cross,
          corexii_hall_statues_deadend
D:2:      layout_loops_ring
D:3:      layout_loops_ring, nicolae_qazlal_scattered_showers, nrook_uturn,
          chequers_arboretum, nicolae_wormholes
D:4:      layout_loops_cross, minmay_temple_entry_slanted
D:5:      mumra_celtic_spiral_tile, layout_basic, uniq_grinder, uniq_pikel,
          uniq_eustachio
D:6:      wad_crossroads, layout_basic, okawaru_metal_pillars_1_2
D:7:      layout_basic, grunt_ministairs_1, hangedman_abyss_or_decor_passed,
          uniq_joseph, uniq_prince_ribbit1, uniq_duvessa
D:8:      layout_loops_ring, tso_altar, enter_bailey_2,
          hangedman_decor_clover_reticule, kennysheep_diamond
D:9:      layout_roguey, orc_0_dummy, minivault_25
D:10:     layout_basic, dpeg_lair_monsters, minmay_misc_feat_rows, uniq_urug
D:11:     layout_layer_cave, grunt_decor_mini_mirrors, hex_tiny
D:12:     layout_irregular_city, uniq_snorg
D:13:     minmay_bubble_buster, layout_basic, grunt_vaults_entry_tiered,
          hangedman_abyss_or_decor_lesser_grid, uniq_frances
D:14:     cheibrodos_hippocracy, layout_basic, hangedman_decor_riveting,
          uniq_rupert
D:15:     hangedman_depths_entry_civil_slaughter, layout_loops_cross,
          minmay_crystal_room, minivault_7
Temple:   hellmonk_temple_of_storms
Lair:1:   layout_chaotic_city, infiniplex_staircase_pool, grunt_megastairs_1
Lair:2:   layout_misc_corridors, palyth_hydra_swamp_entry,
          hellmonk_ghost_happy_afterlife, minmay_hedge_maze, lemuel_fruit_tree
Lair:3:   layout_regular_city, grunt_megastairs_3, uniq_fannar
Lair:4:   layout_hall_layers, nicolae_spider_entry_non_spiders
Lair:5:   layout_hall_layers, slime_entry_1
Lair:6:   hangedman_lair_tendril_chambers, layout_regular_city,
          portal_ice_cave_entry_animals_and_master, infiniplex_staircase_pool_2
Spider:1: layout_spider_delve, hangedman_spider_tarantella_strand, uniq_aizul,
          uniq_donald, uniq_agnes, uniq_jorgrun, uniq_nikola
Orc:1:    layout_diamond_mine, nicolae_shop_overcharged_wands
Orc:2:    grunt_orc_community_town_hall, layout_caves,
          grunt_orc_community_big_house_2, grunt_orc_community_big_house_2,
          grunt_orc_community_house_1, grunt_orc_community_house_2,
          grunt_orc_community_house_2, grunt_orc_community_house_2

Skill      XL: |  1  2  3  4  5  6  7  8  9 10 11 12 13 14 15 16 |
---------------+-------------------------------------------------+-----
Short Blades   | 1 2 3 4 5 6 |  6.3
Stealth        | 4 5 6 7 8 9 10 12 13 14 | 14.8
Dodging        | 2 3 4 5 |  5.1
Ice Magic      | 1 2 3 4 5 6 7 |  7.1
Spellcasting   | 3 4 5 6 7 8 9 10 11 | 11.4
Hexes          | 4 5 6 7 8 9 10 11 | 11.6
Conjurations   | 1 3 4 5 7 8 9 10 | 10.8
Transmutations | 2 3 |  3.0
Poison Magic   | 2 4 |  4.0
Fighting       | 1 2 4 6 7 8 |  8.7
Air Magic      | 1 3 4 5 6 7 8 |  8.4
Shields        | 2 4 |  4.0
Evocations     | 2 |  2.6
Necromancy     | 3 5 6 |  6.3

Action                   |  1- 3 |  4- 6 |  7- 9 | 10-12 | 13-15 | 16-18 || total
-------------------------+-------+-------+-------+-------+-------+-------++-------
Melee: Dagger            |    90 |   188 |   248 |   702 |  1478 |   440 ||  3146
       Bite              |    16 |    48 |    97 |   291 |   702 |   193 ||  1347
       Punch             |     2 |     2 |     4 |     1 |       |       ||     9
       Whip              |     7 |       |       |       |       |       ||     7
       Short sword       |       |       |     4 |       |       |       ||     4
       Kick              |       |       |       |     2 |       |       ||     2
       Headbutt          |       |       |       |     1 |       |       ||     1
Throw: Dart              |       |     7 |     9 |     3 |       |       ||    19
       Javelin           |       |       |       |       |     2 |       ||     2
 Cast: Ensorcelled Hiber |       |     2 |     6 |    11 |     6 |     2 ||    27
       Confusing Touch   |       |       |     5 |     2 |     1 |       ||     8
       Tukima's Dance    |       |       |     7 |    16 |     3 |       ||    26
       Dazzling Flash    |       |       |       |    47 |    73 |    26 ||   146
       Mephitic Cloud    |       |       |       |    19 |    22 |    20 ||    61
       Beastly Appendage |       |       |       |     1 |       |       ||     1
       Static Discharge  |       |       |       |    10 |    22 |     2 ||    34
       Magic Dart        |       |       |       |     1 |     5 |       ||     6
       Airstrike         |       |       |       |       |    12 |       ||    12
       Anguish           |       |       |       |       |     1 |       ||     1
       Dispel Undead     |       |       |       |       |     3 |       ||     3
       Lightning Bolt    |       |       |       |       |     2 |       ||     2
       Vampiric Draining |       |       |       |       |       |     1 ||     1
Invok: Curse Item        |       |       |     3 |     4 |     1 |       ||     8
Evoke: Wand              |       |       |     5 |    17 |    14 |     9 ||    45
  Use: Scroll            |       |    11 |     7 |    10 |    11 |     9 ||    48
       Potion            |       |     5 |       |     3 |     4 |     8 ||    20
 Stab: Sleeping          |    11 |    12 |     9 |    31 |    30 |    12 ||   105
       Invisible         |       |     3 |     2 |    33 |    54 |    24 ||   116
       Distracted        |       |       |     3 |       |     5 |     2 ||    10
       Confused          |       |       |     4 |     7 |    14 |    12 ||    37
       Paralysed         |       |       |     1 |     1 |       |       ||     2
Armor: Robe              |    10 |    20 |    50 |    16 |       |       ||    96
       Troll leather arm |       |       |       |    88 |   297 |   115 ||   500
Dodge: Dodged            |    36 |    90 |   115 |   376 |   712 |   230 ||  1559
Block: Buckler           |       |       |       |   103 |   274 |   115 ||   492

Table legend: (Time is in decaauts)
 A = Elapsed time spent in this place.
 B = Non-inter-level travel time spent in this place.
 C = Inter-level travel time spent in this place.
 D = Time resting spent in this place.
 E = Time spent auto-exploring this place.
 F = Levels seen in this place.
 G = Mean time per level.
                   A        B        C        D        E       F      G
               +--------+--------+--------+--------+--------+-----+--------+
         Total |  33105 |  31860 |   1245 |  11515 |   9889 |  26 | 1273.3 |
       Dungeon |  21526 |  20749 |    777 |   7555 |   7135 |  15 | 1435.1 |
        Temple |     66 |     55 |     11 |      0 |     18 |   1 |   66.0 |
          Lair |   8949 |   8635 |    314 |   3648 |   2048 |   6 | 1491.5 |
   Spider Nest |    153 |    153 |      0 |      0 |      0 |   1 |  153.0 |
  Orcish Mines |   2065 |   1924 |    141 |    293 |    687 |   2 | 1032.5 |
        Bailey |    344 |    344 |      0 |     19 |      0 |   1 |  344.0 |
               +--------+--------+--------+--------+--------+-----+--------+

Top non-repeatable levels by time:
     D:9: 2259 daAuts
     D:7: 2157 daAuts
     D:1: 2083 daAuts
  Lair:6: 2006 daAuts
    D:13: 1839 daAuts
     D:4: 1733 daAuts
     D:5: 1699 daAuts
  Lair:1: 1692 daAuts
  Lair:4: 1651 daAuts
     D:6: 1650 daAuts
  Lair:2: 1479 daAuts
   Orc:2: 1436 daAuts
    D:11: 1374 daAuts
    D:15: 1208 daAuts
  Lair:3: 1083 daAuts
